 Dungeon Crawl Stone Soup version 0.19-a0-1886-gd64a0f0 (webtiles) character file.

5288 dvd the Grappler (level 10, -2/94 HPs)
             Began as a Troll Monk on Oct 16, 2016.
             Slain by an ice dragon (14 damage)
             ... on level 9 of the Dungeon.
             The game lasted 00:17:49 (5014 turns).

dvd the Grappler (Troll Monk)                       Turns: 5014, Time: 00:17:50

Health: -2/94      AC:  5    Str: 20 (23) XL:     10   Next: 37%
Magic:  9/9        EV: 13    Int:  3 (6)  God:
Gold:   426        SH:  0    Dex: 12 (13) Spells: 0 memorised, 9 levels left

rFire  . . .     SeeInvis .       - Unarmed
rCold  + . .     Gourm    +     a - +0 robe
rNeg   . . .     Faith    .     (no shield)
rPois  .         Spirit   .     (helmet restricted)
rElec  .         Dismiss  .     (no cloak)
rCorr  .         Reflect  .     (gloves unavailable)
MR     .....     Harm     .     (boots unavailable)
Stlth  ++........               (no amulet)
                                (no ring)
                                F - ring of protection from cold

@: slowed, very slow
A: unfitting armour, claws 3, fast metabolism 3, gourmand, regeneration 1,
shaggy fur 1, tough skin 2
a: no special abilities


You were on level 9 of the Dungeon.
You were very full.

You visited 1 branch of the dungeon, and saw 10 of its levels.

You collected 426 gold pieces.

Inventory:

Hand Weapons
 m - a +1 hunting sling of velocity
Missiles
 d - 5 javelins (quivered)
 l - 39 sling bullets
 s - 171 stones
 G - 10 tomahawks
Armour
 a - a +0 robe (worn)
Jewellery
 t - an uncursed ring of fire
 F - a ring of protection from cold (left claw)
Wands
 y - a wand of enslavement (22/24)
 E - a wand of slowing (12/48)
 I - a wand of lightning (2/15)
Scrolls
 i - 2 scrolls of identify
 j - 3 scrolls of recharging
 n - 5 scrolls of remove curse
Potions
 e - 2 potions of berserk rage {unknown}
 h - a potion of resistance {unknown}
 o - a potion of lignification {unknown}
 p - 2 potions of heal wounds {unknown}
 q - 2 potions of curing
 r - a potion of cancellation {unknown}
 u - a potion of agility {unknown}
 v - a potion of mutation {unknown}
 x - a potion of magic {unknown}
 z - 2 potions of degeneration
 B - a potion of experience {unknown}
 C - 2 potions of ambrosia {unknown}
 D - 2 potions of invisibility {unknown}
Books
 c - a book of Frost

   Spells                             Type                      Level
   a - Freeze                         Ice                          1
   b - Throw Frost                    Conjuration/Ice              2
   c - Ozocubu's Armour               Charms/Ice                   3
   d - Throw Icicle                   Conjuration/Ice              4
   e - Summon Ice Beast               Ice/Summoning                4
 w - a book of Flames

   Spells                             Type                      Level
   a - Flame Tongue                   Conjuration/Fire             1
   b - Throw Flame                    Conjuration/Fire             2
   c - Conjure Flame                  Conjuration/Fire             3
   d - Inner Flame                    Hexes/Fire                   3
   e - Sticky Flame                   Conjuration/Fire             4
   f - Fireball                       Conjuration/Fire             5
Comestibles
 b - 7 bread rations
 f - 4 fruits
 g - 4 slices of pizza
 k - 3 beef jerkies
 H - a meat ration


   Skills:
 + Level 4.9 Fighting
 + Level 3.2 Throwing
 + Level 6.9 Dodging
 + Level 2.5 Stealth
 + Level 11.3 Unarmed Combat
 + Level 0.3 Evocations


You had 9 spell levels left.
You didn't know any spells.

Dungeon Overview and Level Annotations

Branches:
Dungeon (10/15)
 Temple: D:4-7         Lair: D:8-11         Orc: D:9-12

Altars:
Dithmenos
Kikubaaqudgha
Okawaru
Ru


Innate Abilities, Weirdness & Mutations

You are too large for most types of armour.
You have claws for hands.
Your metabolism is lightning-fast.
You like to eat raw meat.
Your natural rate of healing is unusually fast.
You are covered in fur. (AC +1)
You have very tough skin. (AC +2)


Message History

An ogre comes into view. It is wielding a giant club.
Evoke which item? (* to show all) (? for menu, Esc to quit)
Zapping:
y - a wand of enslavement (22/24)
Press: ? - help, Shift-Dir - straight line, f - ice dragon
Aim: an ice dragon (lightly wounded, catching its breath, chance to defeat MR: 28%)
Okay, then.
Unknown command.
It was a potion of degeneration.
There was something very wrong with that liquid.
You feel weakened.
You feel dopey.
You feel clumsy. The ice dragon bites you!
* * * LOW HITPOINT WARNING * * *
The ice dragon misses you.
The ice dragon tramples you but does no damage.
The ice dragon bites you!
* * * LOW HITPOINT WARNING * * *
The ice dragon closely misses you. x2
You feel better. The ice dragon barely misses you.
The ice dragon closely misses you. The ice dragon tramples you!
You die...

..........#
..........#
..........#
..........#
..........#
.........#
#######.##
########.#
#..OD@...#
##'########
#......#
#......#
#......#
#......#
#......#
#......#
'......#


You could see an ice dragon and an ogre.

Vanquished Creatures
  An ogre mage (D:9)
  A centaur warrior (D:9)
  Grinder (D:4)
  Prince Ribbit (D:6)
  4 yaks (D:9)
  Eustachio (D:5)
  Menkaure (D:4)
  2 phantoms
  2 orc warriors
  2 sky beasts
  2 black bears
  2 ogres
  A killer bee (D:10)
  4 centaurs
  3 bullfrogs (D:7)
  A big kobold (D:9)
  A wyvern zombie (D:7)
  A wyvern skeleton (D:9)
  5 scorpions
  3 crimson imps
  A bullfrog zombie (D:5)
  4 hounds
  A jelly (D:5)
  4 orc wizards
  8 worker ants
  Robin (D:3)
  A howler monkey zombie (D:6)
  2 howler monkey skeletons
  6 adders
  2 shadow imps (D:5)
  An adder zombie (D:7)
  2 adder skeletons (D:7)
  3 worms
  5 dart slugs
  12 orcs
  2 ball pythons
  3 giant cockroaches
  13 goblins
  4 hobgoblins
  8 jackals
  10 kobolds
  5 quokkas
  8 bats
  9 frilled lizards
  A leopard gecko skeleton (D:4)
  A quokka skeleton (D:7)
  2 rats
158 creatures vanquished.

Vanquished Creatures (collateral kills)
  2 killer bees (D:10)
2 creatures vanquished.

Vanquished Creatures (others)
  A killer bee (D:10)
  2 fungi (D:10)
3 creatures vanquished.

Grand Total: 163 creatures vanquished

Notes
Turn   | Place    | Note
-------+----------+-------------------------------------------
     0 | D:1      | dvd the Troll Monk began the quest for the Orb.
     0 | D:1      | Reached XP level 1. HP: 22/22 MP: 0/0
   411 | D:1      | Reached XP level 2. HP: 29/29 MP: 1/1
   956 | D:2      | Reached XP level 3. HP: 26/36 MP: 2/2
  1426 | D:2      | Found a shadowy altar of Dithmenos.
  1426 | D:2      | Found an iron altar of Okawaru.
  1433 | D:2      | Found an ancient bone altar of Kikubaaqudgha.
  1438 | D:2      | Found a faded altar of an unknown god.
  1440 | D:2      | Found a sacrificial altar of Ru.
  1448 | D:2      | Reached XP level 4. HP: 42/44 MP: 3/3
  1499 | D:3      | Noticed Robin
  1541 | D:3      | Reached skill level 4 in Unarmed Combat
  1555 | D:3      | Killed Robin
  1772 | D:3      | Noticed a sky beast
  1781 | D:3      | Killed a sky beast
  1781 | D:3      | Reached skill level 1 in Throwing
  1781 | D:3      | Reached XP level 5. HP: 46/52 MP: 4/4
  2018 | D:4      | Noticed a phantom
  2043 | D:3      | Reached skill level 5 in Unarmed Combat
  2043 | D:3      | Reached XP level 6. HP: 30/61 MP: 5/5
  2290 | D:4      | Noticed Grinder
  2297 | D:4      | Paralysed by Grinder for 7 turns
  2308 | D:4      | Killed Grinder
  2308 | D:4      | Reached skill level 6 in Unarmed Combat
  2308 | D:4      | Reached XP level 7. HP: 47/67 MP: 6/6
  2353 | D:4      | Noticed Menkaure
  2364 | D:4      | Killed Menkaure
  2429 | D:4      | Reached skill level 7 in Unarmed Combat
  2695 | D:5      | Entered Level 5 of the Dungeon
  2705 | D:5      | Noticed Eustachio
  2780 | D:5      | Killed Eustachio
  2780 | D:5      | Reached XP level 8. HP: 60/75 MP: 7/7
  3128 | D:5      | Reached skill level 8 in Unarmed Combat
  3268 | D:5      | Reached skill level 5 in Dodging
  3303 | D:6      | Noticed Prince Ribbit
  3316 | D:6      | Killed Prince Ribbit
  3351 | D:5      | Reached skill level 9 in Unarmed Combat
  3411 | D:6      | Reached XP level 9. HP: 25/84 MP: 8/8
  4130 | D:7      | Reached skill level 10 in Unarmed Combat
  4175 | D:7      | You fall through a shaft for 3 floors!
  4175 | D:10     | Entered Level 10 of the Dungeon
  4373 | D:9      | Noticed a centaur warrior
  4415 | D:9      | Killed a centaur warrior
  4761 | D:9      | Reached XP level 10. HP: 82/94 MP: 9/9
  4861 | D:9      | Reached skill level 11 in Unarmed Combat
  4982 | D:9      | Noticed an ogre mage
  4986 | D:9      | Noticed an ice dragon
  5010 | D:9      | Killed an ogre mage
  5013 | D:9      | HP: 2/94 [ice dragon (16)]
  5014 | D:9      | Slain by an ice dragon

Vault maps used:
D:1:      saegor_arrival_miasma, hex_tiny
D:2:      chequers_temple_overflow_minitemple
D:3:      first_bread, uniq_robin
D:4:      uniq_grinder, uniq_menkaure
D:5:      uniq_eustachio
D:6:      uniq_prince_ribbit1
D:7:      grunt_ogre_cave, minmay_misc_feat_pillars
D:8:      kennysheep_ambush_hall, lemuel_doored_altar, serial_shops,
          kennysheep_little_box
D:9:      jmf_multi_god_temple
D:10:     due_lair_maze_entry_diamond

Skill      XL: |  1  2  3  4  5  6  7  8  9 10 |
---------------+-------------------------------+-----
Dodging        | 3 4 5 6 |  6.9
Unarmed Combat | 4 5 6 7 9 10 11 | 11.3
Throwing       | 1 3 |  3.2
Fighting       | 3 4 |  4.9
Stealth        | 2 |  2.5
Evocations     | |  0.3

Action                   |  1- 3 |  4- 6 |  7- 9 | 10-12 || total
-------------------------+-------+-------+-------+-------++-------
Melee: Unarmed           |    70 |   127 |   291 |    39 ||   527
       Punch             |     2 |     5 |    11 |     1 ||    19
Throw: Javelin           |     9 |     5 |    17 |     7 ||    38
Evoke: Wand              |       |       |     3 |     1 ||     4
  Use: Scroll            |       |       |    10 |     1 ||    11
       Potion            |       |       |       |     4 ||     4
 Stab: Sleeping          |     5 |     3 |     2 |       ||    10
  Eat: Chunk             |    13 |    14 |    21 |     3 ||    51
Armor: Robe              |    27 |    50 |    79 |     7 ||   163
Dodge: Dodged            |    31 |   105 |   232 |    23 ||   391
